 Dungeon Crawl Stone Soup version 0.26-a0-651-gb41185065b (webtiles) character file.

Game seed: 17098062731421971543

455 kae the Ruffian (level 6, -2/47 HPs)
             Began as a Draconian Transmuter on Oct 26, 2020.
             Was an Initiate of Wu Jian.
             Slain by Dowan
             ... wielding a +0 dagger
              (4 damage)
             ... on level 4 of the Dungeon.
             The game lasted 00:03:14 (4121 turns).

kae the Ruffian (Draconian Transmuter)              Turns: 4121, Time: 00:03:14

Health: -2/47      AC:  2    Str: 14    XL:     6   Next: 76%
Magic:  7/9        EV: 19    Int: 14    God:    Wu Jian [......]
Gold:   145        SH:  0    Dex: 16    Spells: 3/9 levels left

rFire    . . .     SeeInvis .     - Unarmed
rCold    . . .     Faith    .   (shield currently unavailable)
rNeg     . . .     Spirit   .   (armour unavailable)
rPois    x         Reflect  .   (helmet currently unavailable)
rElec    .         Harm     .   (cloak currently unavailable)
rCorr    .         Rampage  .   (gloves currently unavailable)
MR       .....                  (boots currently unavailable)
Stlth    +.........             (no amulet)
HPRegen  0.15/turn              (no ring)
MPRegen  0.11/turn              (no ring)

@: spider-form (expiring)
A: tiny, unfitting armour, AC +6
a: End Transformation, Renounce Religion


You were on level 4 of the Dungeon.
You worshipped Wu Jian.
Wu Jian was noncommittal.
You were a venomous arachnid creature.
You visited 1 branch of the dungeon, and saw 4 of its levels.

You collected 145 gold pieces.

Inventory:

Jewellery
 j - an uncursed amulet of reflection
Wands
 h - a wand of enslavement (8)
Scrolls
 a - 2 scrolls of magic mapping
 c - 3 scrolls of remove curse
 g - a scroll of identify
Potions
 b - a potion of magic
 d - a potion of curing
 e - a potion of mutation
 f - a potion of flight {unknown}
 k - a potion of berserk rage {unknown}


   Skills:
 - Level 1.1 Fighting
 - Level 1.7 Dodging
 * Level 6.5 Unarmed Combat
 - Level 2.0 Spellcasting
 + Level 4.4 Transmutations


You had 3 spell levels left.
You knew the following spells:

 Your Spells              Type           Power        Failure   Level
a - Beastly Appendage     Tmut           ##....       12%         1
b - Wereblood             Tmut           ##......     17%         2
c - Spider Form           Tmut/Pois      #.........   50%         3

Your spell library contained the following spells:

 Spells                   Type           Power        Failure   Level
 Ice Form                 Ice/Tmut       #.......     85%         4
 Blade Hands              Tmut           ##........   87%         5


Dungeon Overview and Level Annotations

Branches:
Dungeon (4/15)
 Temple: D:4-7

Altars:
Ru
Wu Jian

Annotations:
D:3 2 runed translucent doors, arkorax's ghost, amateur MiNe
D:4 exclusion: upstairs, Dowan


Innate Abilities, Weirdness & Mutations

((Your plain brown scales are hard. (AC +6)))
You cannot fit into any form of body armour.
((You are cold-blooded and may be slowed by cold attacks.))


Message History

Duvessa completely misses you.
You hit Duvessa.
You kill Duvessa!
The Council accepts your kill.
You hear a distant wail of despair.
Dowan seems to find hidden reserves of power!
You barely miss Dowan.
Dowan shakes with grief.
Dowan misses you. x2
You feel better. Dowan closely misses you.
You bite Dowan!
Dowan is heavily wounded.
Dowan misses you.
You hit Dowan.
Dowan is poisoned.
Dowan is heavily wounded.
Dowan points at you and mumbles some strange words.
The shard of ice hits you!!
* * * LOW HITPOINT WARNING * * *
Dowan hits you with a +0 dagger.
You die...

,*,*,*.#.#'.,,,,,,*
*,*,*.#.#.#..,,,,,*
,*,*,#.#.#.#'#,****
*,*,*,#.#.#.#.#,*
,*,*,*,#.#.#.#.##
*,*,*,*,#.#.#.#.##
,*,*,*,*,#.#.#)#>#
*,*,*,*,*.#†#.#e####
,*,*,*,*.#.#.#.#s..#
*,*,*,*.#.#.#.#.##.#
,*,*,*.#.#.#.#.###.#
*,*,*.#.#.#.#.#.##.#
.*,#.#.#.#.#.#.###.####
#.#.#.#.#.#.#.#.......#
.#.#.#.#.#.#.#.#......#
#.#.#.#.#.#.#.#.......#
.#.#.#.#.#.#.#.###.####


You could see Dowan (fast, very poisoned).

Vanquished Creatures
  Duvessa (D:4)
  A jelly (D:4)
  An orc wizard (D:4)
  Natasha (thrice) (D:2)
  3 worker ants (D:4)
  A hound skeleton (D:4)
  4 gnolls
  2 adders
  An adder skeleton (D:4)
  A worm (D:2)
  5 dart slugs (D:1)
  A leopard gecko (D:3)
  6 orcs
  6 bats
  4 giant cockroaches
  2 goblins (D:1)
  6 hobgoblins
  2 jackals (D:4)
  5 kobolds
  A quokka (D:4)
  2 ball pythons
  6 frilled lizards
  2 jackal skeletons (D:4)
  5 rats
71 creatures vanquished.

Notes
Turn   | Place    | Note
-------+----------+-------------------------------------------
     0 | D:1      | kae the Draconian Transmuter began the quest for the Orb.
     0 | D:1      | Reached XP level 1. HP: 16/16 MP: 3/3
   246 | D:1      | Reached XP level 2. HP: 16/23 MP: 3/5
   448 | D:1      | Learned a level 2 spell: Wereblood
   540 | D:1      | Reached XP level 3. HP: 28/28 MP: 4/6
   827 | D:1      | Reached skill level 4 in Unarmed Combat
  1029 | D:2      | Learned a level 3 spell: Spider Form
  1137 | D:2      | Noticed Natasha
  1149 | D:2      | Killed Natasha
  1850 | D:2      | Noticed Natasha
  1863 | D:2      | Killed Natasha
  1863 | D:2      | Reached XP level 4. HP: 33/35 MP: 4/7
  1873 | D:2      | Noticed Natasha
  1897 | D:2      | Killed Natasha
  2158 | D:2      | Found a sacrificial altar of Ru.
  2394 | D:3      | Reached skill level 5 in Unarmed Combat
  2394 | D:3      | Reached XP level 5. HP: 40/40 MP: 4/8
  2830 | D:3      | Found an ornate altar of the Wu Jian Council.
  2839 | D:3      | Found a large runed translucent door.
  2839 | D:3      | Found a large runed translucent door.
  2841 | D:3      | Noticed arkorax's ghost (amateur MiNe)
  3588 | D:4      | Reached XP level 6. HP: 24/47 MP: 6/9
  3613 | D:4      | Reached skill level 6 in Unarmed Combat
  3847 | D:3      | Became a worshipper of the Wu Jian Council
  4104 | D:4      | Noticed Duvessa
  4104 | D:4      | Noticed Dowan
  4116 | D:4      | Killed Duvessa
  4121 | D:4      | HP: 2/47 [Dowan/shard of ice (18)]
  4121 | D:4      | Slain by Dowan

Illustrated notes

Levels and vault maps discovered:
D:1:      giann_bridges, layout_loops_ring
D:2:      layout_basic, nicolae_ru_the_path_less_chosen,
          serial_co_window_serial, co_window_paths_a, co_window_paths_b,
          co_window_paths_b, co_window_corner_a, co_window_of_opportunity_a,
          co_window_broadway_b, co_window_of_opportunity_b, co_window_cross_3,
          co_window_paths_e, uniq_natasha
D:3:      layout_basic, nicolae_overflow_hidden_temple,
          ebering_ghost_disaster_area
D:4:      layout_basic, uniq_duvessa

Skill      XL: |  1  2  3  4  5  6 |
---------------+-------------------+-----
Unarmed Combat | 4 5 6 |  6.5
Transmutations | 3 4 |  4.4
Fighting       | |  1.1
Dodging        | |  1.7
Spellcasting   | |  2.0

Action                   |  1- 3 |  4- 6 || total
-------------------------+-------+-------++-------
Melee: Unarmed           |    75 |   138 ||   213
       Tailslap          |    11 |     6 ||    17
       Kick              |    12 |     7 ||    19
       Headbutt          |     4 |     4 ||     8
       Punch             |     1 |       ||     1
 Cast: Beastly Appendage |    21 |    13 ||    34
       Spider Form       |     2 |     9 ||    11
  Use: Scroll            |     2 |     7 ||     9
       Potion            |       |     2 ||     2
 Stab: Sleeping          |     1 |       ||     1
Armor: Skin              |    29 |    29 ||    58
Dodge: Dodged            |    63 |    91 ||   154

Table legend: (Time is in decaauts)
 A = Elapsed time spent in this place.
 B = Non-inter-level travel time spent in this place.
 C = Inter-level travel time spent in this place.
 D = Time resting spent in this place.
 E = Time spent auto-exploring this place.
 F = Levels seen in this place.
 G = Mean time per level.
                   A        B        C        D        E       F      G
               +--------+--------+--------+--------+--------+-----+--------+
         Total |   4119 |   3948 |    171 |    496 |   2885 |   4 | 1029.8 |
       Dungeon |   4119 |   3948 |    171 |    496 |   2885 |   4 | 1029.8 |
               +--------+--------+--------+--------+--------+-----+--------+

Top non-repeatable levels by time:
     D:3: 1360 daAuts
     D:2: 1264 daAuts
     D:1: 1020 daAuts
     D:4: 473 daAuts
